 Dungeon Crawl Stone Soup version 0.23.2-1-ga50397a6bc (webtiles) character file.

Game seed: 1009334023072431034

66513 Foic the Martial Artist (level 14, -19/140 HPs)
             Began as a Troll Fighter on May 19, 2019.
             Was the Champion of Jiyva.
             Demolished by a cyan very ugly thing (25 damage)
             ... on level 1 of the Abyss.
             The game lasted 01:23:04 (24748 turns).

Foic the Martial Artist (Troll Fighter)            Turns: 24748, Time: 01:23:08

Health: -19/140    AC: 10    Str: 21    XL:     14   Next: 79%
Magic:  13/13      EV: 21    Int:  8    God:    Jiyva [******]
Gold:   1632       SH: 17    Dex: 27    Spells: 13/13 levels left

rFire    . . .     SeeInvis .     - Unarmed
rCold    . . .     Gourm    +   b - +1 shield
rNeg     . . .     Faith    .   y - +2 robe of the Ego {Str+5 Slay+3}
rPois    .         Spirit   .   a - +2 hat {Int+3}
rElec    .         Reflect  +   x - scarf {cloud immunity}
rCorr    +         Harm     .   (gloves unavailable)
MR       ++...                  (boots unavailable)
Stlth    +++.......             z - +3 amulet of reflection
HPRegen  0.73/turn              F - ring of protection from magic
MPRegen  0.13/turn              n - +4 ring of dexterity

@: about to teleport, lightly drained
A: large, unfitting armour, claws 3, hooves 1, deformed body, fast metabolism 3,
gourmand, regeneration 1, shaggy fur 1, tough skin 3, gelatinous body 1
a: Request Jelly, Slimify, Cure Bad Mutation, Renounce Religion


You were on level 1 of the Abyss.
You worshipped Jiyva.
Jiyva was exalted by your worship.
You were completely stuffed.

You visited 5 branches of the dungeon, and saw 26 of its levels.
You visited the Abyss 1 time.

You collected 1632 gold pieces.

Inventory:

Hand Weapons
 w - a +3 flail of protection
 G - the +0 scimitar of Rasit {flame, *Noise rPois rC++ Stlth+}
   (You found it on level 11 of the Dungeon)

   It has been specially enchanted to burn those struck by it, causing extra
   injury to most foes and up to half again as much damage against particularly
   susceptible opponents.
   Big, fiery blades are also staple armaments of hydra-hunters.
   It greatly protects you from cold.
   It protects you from poison.
   It may make noises in combat.
   It makes you more stealthy.
 J - a +0 blowgun
Missiles
 e - 510 stones
 s - 3 throwing nets
 D - 6 javelins (quivered)
 M - 7 curare-tipped needles
 R - 5 javelins of returning
Armour
 a - a +2 hat of intelligence (worn)
 b - a +1 shield (worn)
 x - a scarf of cloud immunity (worn)
 y - the +2 robe of the Ego (worn) {Str+5 Slay+3}
   (You found it on level 5 of the Dungeon)

   It affects your strength (+5).
   It affects your accuracy and damage with ranged weapons and melee attacks
   (+3).
 N - a +0 cloak
 V - +0 acid dragon scales
 X - +0 fire dragon scales
Jewellery
 n - a +4 ring of dexterity (right claw)
 r - an uncursed ring of protection from cold
 z - a +3 amulet of reflection (around neck)
 F - a ring of protection from magic (left claw)
 H - an uncursed ring of flight
 P - an uncursed ring of positive energy
 Q - a +3 ring of evasion
Wands
 A - a wand of polymorph (11)
 E - a wand of random effects (13)
 I - a wand of enslavement (6)
 O - a wand of iceblast (10)
 U - a wand of clouds (9)
 W - a wand of disintegration (14)
 Z - a wand of flame (17)
Scrolls
 g - 4 scrolls of magic mapping
 j - 10 scrolls of identify
 k - 6 scrolls of enchant weapon
 l - 6 scrolls of teleportation
 o - 3 scrolls of amnesia
 p - a scroll of blinking
 t - 4 scrolls of remove curse
 u - 5 scrolls of fog
 B - a scroll of acquirement
 C - a scroll of enchant armour
Potions
 c - 2 potions of might
 f - 2 potions of curing
 h - a potion of flight
 i - a potion of lignification
 m - 2 potions of resistance
 v - a potion of invisibility
 K - a potion of mutation
 T - a potion of haste
Miscellaneous
 L - a phantom mirror
 S - a lightning rod (4/4)
Comestibles
 d - 22 rations


   Skills:
 * Level 9.6(9.2) Fighting
 + Level 1.8(1.4) Maces & Flails
 + Level 0.4(0.1) Throwing
 * Level 10.4(10.0) Dodging
 + Level 3.6(3.3) Stealth
 * Level 11.8(11.3) Shields
 + Level 14.5(14.0) Unarmed Combat
 + Level 0.4(0.1) Evocations


You had 13 spell levels left.
You didn't know any spells.
Your spell library contained the following spells:

 Spells                   Type           Power        Failure   Level  Hunger
 Corona                   Hex            #......      41%         1    ##.....
 Sting                    Conj/Pois      #...         41%         1    ##.....
 Summon Butterflies       Summ           #.......     41%         1    ##.....
 Summon Small Mammal      Summ           #...         41%         1    ##.....
 Call Imp                 Summ           #.......     54%         2    ###....
 Ensorcelled Hibernation  Hex/Ice        #.....       54%         2    ###....
 Poisonous Vapours        Pois/Air       #.....       54%         2    ###....
 Call Canine Familiar     Summ           #.......     78%         3    ####...
 Confuse                  Hex            #.......     78%         3    ####...
 Conjure Flame            Conj/Fire      #.......     78%         3    ####...
 Dazzling Spray           Conj/Hex       #.....       78%         3    ####...
 Mephitic Cloud           Conj/Pois/Air  #.......     78%         3    ####...
 Summon Guardian Golem    Hex/Summ       #.......     78%         3    ####...
 Tukima's Dance           Hex            #.......     78%         3    ####...
 Olgreb's Toxic Radiance  Pois           #.......     99%         4    #####..
 Summon Ice Beast         Ice/Summ       #.......     99%         4    #####..
 Summon Lightning Spire   Summ/Air       #.......     99%         4    #####..
 Summon Mana Viper        Hex/Summ       #.......     100%        5    ######.
 Venom Bolt               Conj/Pois      #.........   100%        5    ######.
 Freezing Cloud           Conj/Ice/Air   #.........   100%        6    #######
 Ring of Flames           Chrm/Fire      #.........   100%        7    #######
 Summon Hydra             Summ           #.........   100%        7    #######


Dungeon Overview and Level Annotations

Branches:
Dungeon (12/15)            Temple (1/1) D:6            Lair (6/6) D:10
  Swamp (0/4) Lair:3       Spider (0/4) Lair:3        Slime (5/5) Lair:6
    Orc (2/2) D:12            Elf (0/3) Orc:2

Altars:
Ashenzari
Cheibriados
Elyvilon
Fedhas
Gozag
Hepliaklqana
Kikubaaqudgha
Makhleb
Nemelex Xobeh
Okawaru
Qazlal
Ru
Sif Muna
Trog
Uskayaw
Vehumet
Wu Jian
Xom
Yredelemnul
Zin
The Shining One
Jiyva

Shops:
D:8 (   Orc:2 }}

Annotations:
Lair:3 3 runed translucent doors 2x 13-headed hydras, Ortega's ghost, journeyman OpBe
Slime:3 Dissolution
Slime:5 Royal Jelly
Orc:2 Erolcha


Innate Abilities, Weirdness & Mutations

You are too large for most types of armour.
You have claws for hands.
Your metabolism is lightning-fast.
You like to eat raw meat.
Your natural rate of healing is unusually fast.
You are covered in fur. (AC +1)
You have extremely tough skin. (AC +3)
You have large cloven feet.
Armour fits poorly on your strangely shaped body.
Your rubbery body absorbs attacks. (AC +1, EV +1)


Message History

You kick the cyan very ugly thing.
The cyan very ugly thing is lightly wounded.
The cyan very ugly thing gores you!! The cyan very ugly thing shocks you!!
You claw the cyan very ugly thing!
You kick the cyan very ugly thing, but do no damage.
The cyan very ugly thing is lightly wounded.
The cyan very ugly thing gores you! The cyan very ugly thing shocks you!!
You completely miss the cyan very ugly thing.
You kick the cyan very ugly thing.
The cyan very ugly thing is lightly wounded.
You block the cyan very ugly thing's attack.
The cyan very ugly thing gores you! The cyan very ugly thing shocks you!!
* * * LOW HITPOINT WARNING * * *
As you read the scroll of teleportation, it crumbles to dust.
You feel strangely unstable.
You feel the power of the Abyss delaying your translocation!
The cyan very ugly thing gores you!!
* * * LOW HITPOINT WARNING * * *
The cyan very ugly thing shocks you!!
You die...

#.#. #.#. ## ### .
#..#.#...# #
#..#.....##.#####
. #
.#...####.#..#..
##
..)..##....##.#.##
#. . #
##...#..##...#. ..
####..u#....# #.
#. ...#.##@..# ...
#.# #......#.#.#
##.#.. .# ....###
## . # #### #
###.. # # ..## ##
### #.# . .. . .#.
#.#. #..## . ...#
###### .### #. ##
#. #..#.## ###. .#
. .# #. .


You could see a cyan very ugly thing.

Vanquished Creatures
  Gastronok (D:9)
  Snorg (Lair:5)
  5 hydras
  A fire dragon (Lair:6)
  Erica (D:10)
  A death knight (D:11)
  6 two-headed ogres
  An orc high priest (Orc:2)
  2 ogre magi (Orc:2)
  A thrashing horror (Abyss:1)
  Nergalle (Orc:2)
  An unseen horror (D:7)
  A fire crab (Lair:6)
  A wretched star (Abyss:1)
  A flayed ghost (D:12)
  A lindwurm (Lair:5)
  2 orc knights
  A deep elf mage (D:11)
  A manticore (D:11)
  An ugly thing (D:11)
  4 orc sorcerers (Orc:2)
  2 cyclopes (D:12)
  Maurice (D:10)
  11 elephants
  5 black mambas
  3 molten gargoyles (Lair:6)
  A torpor snail (Lair:4)
  2 gargoyles
  10 spiny frogs
  Joseph (D:10)
  A rime drake (Lair:4)
  7 komodo dragons
  6 trolls
  Grinder (D:5)
  9 blink frogs
  3 tyrant leeches (Lair:4)
  A large abomination (Abyss:1)
  12 hippogriffs
  A hornet (D:8)
  A shadow (D:10)
  3 wyverns (Lair:6)
  36 yaks
  A vampire (D:11)
  9 basilisks
  A hungry ghost (D:12)
  3 steam dragons (Lair:6)
  5 wargs
  11 swamp worms
  Menkaure (D:7)
  7 water moccasins
  An acid dragon (D:11)
  4 hell hounds (Lair:6)
  9 porcupines
  4 phantoms
  A black bear (D:6)
  2 sky beasts
  10 orc warriors
  An eye of draining (D:10)
  An ice beast (D:5)
  A necrophage (D:8)
  12 ogres
  43 wolves
  9 centaurs
  15 crocodiles
  3 big kobolds
  15 bullfrogs
  2 scorpions
  11 killer bees
  An electric eel (Lair:2)
  A howler monkey (D:7)
  4 lava snakes (Lair:6)
  4 crimson imps
  3 centaur zombies
  2 quasits (D:11)
  An iron imp (Abyss:1)
  A bullfrog zombie (D:10)
  A jelly (D:9)
  16 orc priests
  3 bullfrog skeletons
  A gnoll shaman (D:7)
  9 hounds
  28 orc wizards
  4 centaur skeletons
  Terence (D:3)
  4 hell rats (Lair:6)
  3 iguanas
  8 worker ants
  4 hound skeletons
  A hound zombie (D:10)
  Robin (D:3)
  8 gnolls
  A worker ant zombie (D:11)
  14 adders
  2 shadow imps
  An adder skeleton (D:7)
  2 worms
  A dart slug (D:1)
  9 leopard geckos
  44 orcs
  10 bats
  2 giant cockroaches
  14 goblins
  4 hobgoblins
  3 jackals (D:6)
  7 quokkas
  4 frilled lizards
  14 kobolds
  11 rats
586 creatures vanquished.

Vanquished Creatures (collateral kills)
  A cyclops (D:12)
1 creature vanquished.

Vanquished Creatures (others)
  A great orb of eyes (Abyss:1)
  An orc sorcerer (Orc:1)
  A cyclops (Orc:2)
  A troll (D:11)
  A wyvern (D:11)
  4 yaks (D:11)
  An eye of draining (D:11)
  2 bullfrogs (D:12)
  A wyvern skeleton (D:12)
  A hound (D:11)
  A quasit (Abyss:1)
  32 jellies
  2 orc wizards (Orc:1)
  A worker ant zombie (D:11)
  7 orcs
  A bush (Lair:5)
  26 fungi
  39 plants
123 creatures vanquished.

Grand Total: 710 creatures vanquished

Notes
Turn   | Place    | Note
-------+----------+-------------------------------------------
     0 | D:1      | Foic the Troll Fighter began the quest for the Orb.
     0 | D:1      | Reached XP level 1. HP: 22/22 MP: 0/0
   240 | D:1      | Reached XP level 2. HP: 29/29 MP: 1/1
   761 | D:1      | Reached XP level 3. HP: 32/37 MP: 2/2
   784 | D:1      | Reached XP level 4. HP: 45/45 MP: 3/3
  1383 | D:2      | Reached XP level 5. HP: 53/53 MP: 4/4
  1535 | D:3      | Found a faded altar of an unknown god.
  1564 | D:3      | Reached skill level 3 in Unarmed Combat
  1650 | D:3      | Noticed Robin
  1675 | D:3      | Killed Robin
  1735 | D:3      | Found a glowing golden altar of the Shining One.
  1808 | D:3      | Noticed Terence
  1817 | D:3      | Killed Terence
  2084 | D:3      | You fall through a shaft for 2 floors!
  2084 | D:5      | Entered Level 5 of the Dungeon
  2109 | D:4      | Reached XP level 6. HP: 61/61 MP: 5/5
  2454 | D:4      | Reached skill level 4 in Unarmed Combat
  2469 | D:4      | Gained mutation: You have a pair of small antennae on your
                  | head. [potion of mutation]
  2469 | D:4      | Gained mutation: You are agile. (Dex +2) [potion of
                  | mutation]
  2469 | D:4      | Gained mutation: You have large cloven feet. [potion of
                  | mutation]
  2760 | D:4      | Reached XP level 7. HP: 32/67 MP: 6/6
  3285 | D:4      | Reached skill level 5 in Unarmed Combat
  3385 | D:5      | Got a transparent robe
  3396 | D:5      | Identified the +2 robe of the Ego {Str+5 Slay+3} (You found
                  | it on level 5 of the Dungeon)
  3417 | D:5      | Reached XP level 8. HP: 78/78 MP: 7/7
  3486 | D:5      | Noticed Grinder
  3495 | D:4      | Reached skill level 5 in Dodging
  3517 | D:4      | Reached skill level 5 in Shields
  3546 | D:5      | Paralysed by Grinder for 7 turns
  3556 | D:5      | Killed Grinder
  3556 | D:5      | Reached skill level 6 in Unarmed Combat
  3801 | D:6      | Found a staircase to the Ecumenical Temple.
  3808 | Temple   | Entered the Ecumenical Temple
  4344 | D:6      | Found a blossoming altar of Fedhas.
  4846 | D:6      | Reached skill level 1 in Stealth
  4846 | D:6      | Reached XP level 9. HP: 83/85 MP: 8/8
  5116 | D:7      | Reached skill level 7 in Unarmed Combat
  5119 | D:7      | Found a sparkling altar of Nemelex Xobeh.
  5171 | D:7      | Reached skill level 5 in Fighting
  5202 | D:7      | Found a glowing golden altar of the Shining One.
  5203 | D:7      | Found an ornate altar of the Wu Jian Council.
  5213 | D:7      | Found an iron altar of Okawaru.
  5342 | D:7      | Noticed Menkaure
  5344 | D:7      | Killed an unseen horror
  5355 | D:7      | Killed Menkaure
  5355 | D:7      | Reached skill level 8 in Unarmed Combat
  5931 | D:8      | Noticed a gargoyle
  5936 | D:8      | Killed a gargoyle
  5957 | D:8      | Reached XP level 10. HP: 96/96 MP: 9/9
  6166 | D:8      | Found Jecsoti's Weapon Boutique.
  6424 | D:9      | Noticed a two-headed ogre
  6433 | D:9      | Killed a two-headed ogre
  6433 | D:9      | Reached skill level 9 in Unarmed Combat
  6540 | D:9      | Noticed Gastronok
  6566 | D:9      | Killed Gastronok
  6731 | D:9      | Noticed a two-headed ogre
  6739 | D:9      | Killed a two-headed ogre
  6739 | D:9      | Reached skill level 10 in Unarmed Combat
  6739 | D:9      | Reached XP level 11. HP: 77/106 MP: 10/10
  6878 | D:9      | Found a snail-covered altar of Cheibriados.
  6879 | D:9      | Found an opulent altar of Gozag.
  6940 | D:10     | Entered Level 10 of the Dungeon
  6948 | D:10     | Noticed a two-headed ogre
  6991 | D:10     | Noticed Joseph
  6996 | D:9      | Killed a two-headed ogre
  7226 | D:10     | Noticed Erica
  7246 | D:10     | Killed Erica
  7285 | D:10     | Noticed a two-headed ogre
  7293 | D:10     | Killed a two-headed ogre
  7348 | D:10     | Noticed Maurice
  7378 | D:10     | Killed Joseph
  7383 | D:10     | Paralysed by Maurice for 6 turns
  7394 | D:10     | Killed Maurice
  7487 | D:10     | Reached skill level 11 in Unarmed Combat
  7620 | D:10     | Found a staircase to the Lair.
  7962 | Lair:1   | Entered Level 1 of the Lair of Beasts
  8116 | Lair:1   | Reached XP level 12. HP: 79/118 MP: 11/11
  8458 | Lair:1   | Reached skill level 12 in Unarmed Combat
  8992 | Lair:2   | Noticed a four-headed hydra
  9002 | Lair:2   | Killed a four-headed hydra
  9689 | Lair:3   | Got an opalescent robe
  9690 | Lair:3   | Identified the +1 robe of the Trout {rF+ Int+3} (You found
                  | it on level 3 of the Lair of Beasts)
  9789 | Lair:3   | Found a runed translucent gate.
  9789 | Lair:3   | Found a runed translucent gate.
  9789 | Lair:3   | Found a runed translucent gate.
  9790 | Lair:3   | Noticed a 12-headed hydra
  9791 | Lair:3   | Noticed a 13-headed hydra
  9791 | Lair:3   | Noticed Ortega's ghost (journeyman OpBe)
  9846 | Lair:3   | Noticed a six-headed hydra
  9850 | Lair:3   | Noticed a six-headed hydra
  9996 | Lair:2   | HP: 3/119 [six-headed hydra (3)]
 10466 | Lair:2   | Killed a six-headed hydra
 10775 | Lair:3   | Found a staircase to the Swamp.
 10905 | Lair:3   | Found a hole to the Spider Nest.
 11179 | Lair:2   | Killed a six-headed hydra
 11179 | Lair:2   | Reached skill level 1 in Maces & Flails
 11740 | Lair:4   | Reached XP level 13. HP: 120/127 MP: 12/12
 12606 | Lair:4   | Reached skill level 10 in Shields
 12703 | Lair:5   | You fall through a shaft!
 12703 | Lair:6   | Entered Level 6 of the Lair of Beasts
 13090 | Lair:6   | Reached skill level 13 in Unarmed Combat
 13406 | Lair:5   | Noticed Snorg
 13424 | Lair:5   | Killed Snorg
 13944 | Lair:5   | Identified 2 scrolls of acquirement
 14189 | Lair:6   | Found a viscous altar of Jiyva.
 14190 | Lair:6   | Found a staircase to the Slime Pits.
 14193 | Lair:6   | Became a worshipper of Jiyva Joened the Shapeless
 14290 | Lair:6   | Reached * piety under Jiyva
 14749 | Lair:6   | Noticed a fire dragon
 14808 | Lair:6   | Found a large runed translucent door.
 14843 | Lair:6   | Reached ** piety under Jiyva
 14900 | Lair:6   | Found a large runed translucent door.
 14909 | Lair:6   | Reached XP level 14. HP: 124/137 MP: 13/13
 15064 | Lair:6   | Reached skill level 10 in Dodging
 15485 | Slime:1  | Entered Level 1 of the Pits of Slime
 15486 | Slime:1  | Noticed an azure jelly
 15515 | Slime:1  | Noticed an acid blob
 15573 | Slime:1  | Noticed an acid blob
 15590 | Slime:1  | Noticed an azure jelly
 15592 | Slime:1  | Noticed an acid blob
 15595 | Slime:1  | Noticed an acid blob
 15625 | Slime:1  | Noticed an acid blob
 16065 | Slime:3  | Noticed an acid blob
 16074 | Slime:3  | Noticed an azure jelly
 16152 | Slime:3  | Noticed an acid blob
 16268 | Slime:3  | Noticed Dissolution
 16370 | Slime:4  | Noticed an azure jelly
 16370 | Slime:4  | Noticed an azure jelly
 16370 | Slime:4  | Noticed an azure jelly
 16384 | Slime:4  | Noticed an acid blob
 16503 | Slime:5  | Entered Level 5 of the Pits of Slime
 16539 | Slime:5  | Noticed an azure jelly
 16551 | Slime:5  | Noticed an acid blob
 16562 | Slime:5  | Noticed an acid blob
 16603 | Slime:5  | Noticed an acid blob
 16623 | Slime:5  | Noticed the Royal Jelly
 16639 | Slime:5  | Noticed an acid blob
 16679 | Slime:5  | Found the +7 Singing Sword {slice, sonic wave}
 16679 | Slime:5  | Found a viscous altar of Jiyva.
 16683 | Slime:5  | Found the cursed +13 scythe of Curses {drain, *Curse}
 16691 | Slime:5  | Noticed an acid blob
 17612 | D:9      | Reached *** piety under Jiyva
 20119 | D:4      | Reached **** piety under Jiyva
 20614 | D:3      | Lost mutation: You have large cloven feet. [Jiyva's grace]
 21254 | D:11     | Gained mutation: Your rubbery body absorbs attacks. (AC +1,
                  | EV +1) [Jiyva's grace]
 21517 | D:11     | Reached ***** piety under Jiyva
 21527 | D:11     | Lost mutation: You are agile. (Dex +2) [Jiyva's grace]
 21533 | D:11     | Got an encrusted scimitar
 21534 | D:11     | Identified the +0 scimitar of Rasit {flame, *Noise rPois
                  | rC++ Stlth+} (You found it on level 11 of the Dungeon)
 21973 | D:11     | Gained mutation: You are resistant to hostile enchantments.
                  | (MR+) [Jiyva's grace]
 22250 | D:11     | Reached skill level 14 in Unarmed Combat
 22454 | D:11     | Lost mutation: You have a pair of small antennae on your
                  | head. [Jiyva's grace]
 22506 | D:12     | Found a staircase to the Orcish Mines.
 22758 | D:12     | Reached ****** piety under Jiyva
 22780 | D:12     | Lost mutation: You are resistant to hostile enchantments.
                  | (MR+) [Jiyva's grace]
 22861 | D:12     | Gained mutation: You have large cloven feet. [Jiyva's
                  | grace]
 23346 | Orc:1    | Entered Level 1 of the Orcish Mines
 23369 | Orc:1    | Gained mutation: You occasionally shout uncontrollably at
                  | your foes. [Jiyva's grace]
 23422 | Orc:2    | Entered Level 2 of the Orcish Mines
 23440 | Orc:2    | Found a staircase to the Elven Halls.
 23947 | Orc:2    | Found Hasatuud's Gadget Boutique.
 24430 | Orc:2    | Lost mutation: You occasionally shout uncontrollably at
                  | your foes. [Jiyva's grace]
 24437 | Orc:2    | Gained mutation: Armour fits poorly on your strangely
                  | shaped body. [Jiyva's grace]
 24464 | Orc:2    | Noticed Nergalle
 24479 | Orc:2    | Killed Nergalle
 24493 | Orc:2    | Found an ancient bone altar of Kikubaaqudgha.
 24500 | Orc:2    | Found Waer's Gadget Emporium.
 24514 | Orc:2    | Noticed Erolcha
 24519 | Orc:2    | Found a radiant altar of Vehumet.
 24525 | Orc:2    | Cast into level 1 of the Abyss (Erolcha)
 24735 | Abyss:1  | Noticed a cyan very ugly thing
 24748 | Abyss:1  | HP: 6/140 [cyan very ugly thing (19)]
 24748 | Abyss:1  | Demolished by a cyan very ugly thing

Skill      XL: |  1  2  3  4  5  6  7  8  9 10 11 12 13 14 |
---------------+-------------------------------------------+-----
Fighting       | 3 4 5 6 7 8 9 |  9.6
Shields        | 3 4 5 6 7 8 9 10 11 | 11.8
Dodging        | 3 4 5 6 7 8 9 10 | 10.4
Unarmed Combat | 3 4 5 6 8 10 11 12 13 14 | 14.5
Stealth        | 1 2 3 |  3.6
Maces & Flails | 1 |  1.8
Throwing       | |  0.4
Evocations     | |  0.4

Action                   |  1- 3 |  4- 6 |  7- 9 | 10-12 | 13-15 || total
-------------------------+-------+-------+-------+-------+-------++-------
Melee: Unarmed           |    85 |   197 |   161 |   446 |   778 ||  1667
       Kick              |       |     3 |    73 |   217 |   261 ||   554
       Flail             |       |       |       |    20 |     2 ||    22
Throw: Stone             |       |       |     2 |     3 |       ||     5
       Javelin           |       |       |       |       |     2 ||     2
Invok: Request Jelly     |       |       |       |       |     1 ||     1
       Slimify           |       |       |       |       |     1 ||     1
Evoke: Wand              |       |       |       |    15 |     3 ||    18
       Lightning rod     |       |       |       |       |     4 ||     4
  Use: Scroll            |       |     4 |       |     7 |    15 ||    26
       Potion            |       |     5 |       |     6 |     8 ||    19
 Stab: Sleeping          |       |       |     2 |    10 |     7 ||    19
       Invisible         |       |       |       |     2 |       ||     2
       Distracted        |       |       |       |       |     2 ||     2
  Eat: Chunk             |    11 |    20 |    27 |    56 |    64 ||   178
       Ration            |       |       |       |       |     8 ||     8
Armor: Robe              |    26 |    67 |    36 |    95 |    72 ||   296
       Skin              |       |       |       |       |     9 ||     9
Dodge: Dodged            |    21 |    62 |    61 |   227 |   318 ||   689
Block: Shield            |    37 |    66 |    75 |   271 |   519 ||   968
       Reflection        |       |       |       |       |    14 ||    14
